 Dungeon Crawl Stone Soup version 0.29.1-1-gd02db6906a (webtiles) character file.

Game seed: 5757527478843875526

525 raph the Digger (level 7, -3/40 HPs)
             Began as a Gargoyle Earth Elementalist on Oct 5, 2022.
             Slain by a bullfrog (7 damage)
             ... in a sewer.
             The game lasted 00:07:35 (4850 turns).

raph the Digger (Gargoyle Earth Elementalist)       Turns: 4850, Time: 00:07:36

Health: -3/40      AC: 10    Str: 12    XL:     7   Next: 22%
Magic:  21/22      EV: 16    Int: 19    God:
Gold:   118        SH:  0    Dex: 12    Spells: 4/14 levels left

rFire   + . .      SeeInvis .   c - +11 dagger of Fragile Peace {venom, rF+ MP+9 Int+2 Dex+2}
rCold   . . .      Faith    .   (no shield)
rNeg    + . .      Spirit   .   a - +0 robe
rPois   ∞          Reflect  .   (no helmet)
rElec   +          Harm     .   (no cloak)
rCorr   .          Rampage  .   m - +0 pair of gloves
Will    .....                   e - +2 pair of boots
Stlth   +.........              (no amulet)
HPRegen 0.13/turn               g - +4 ring of evasion
MPRegen 0.18/turn               (no ring)

@: hasted, quick
A: sickness immunity, AC +4, negative energy resistance 1, electricity
resistance, torment resistance 1, petrification resistance
a: no special abilities


You were in a sewer.
You visited 1 branch of the dungeon, and saw 4 of its levels.
You also visited: Sewer.

You collected 218 gold pieces.
You spent 100 gold pieces at shops.

Inventory:

Hand Weapons
 c - the +11 dagger of Fragile Peace (weapon) {venom, rF+ MP+9 Int+2 Dex+2}
   (You found it on level 2 of the Dungeon)

   It poisons the flesh of those it strikes.
   Int:       It affects your intelligence (+2).
   Dex:       It affects your dexterity (+2).
   rF:        It protects you from fire.
   MP:        It affects your magic capacity (+9).
 h - a +0 spectral hand axe
 l - a +2 dagger of draining
Armour
 a - a +0 robe (worn)
 e - a +2 pair of boots (worn)
 m - a +0 pair of gloves (worn)
Jewellery
 d - a ring of flight
 g - a +4 ring of evasion (left hand)
Wands
 q - a wand of flame (10)
Scrolls
 i - 2 scrolls of fear
 s - a scroll of teleportation
Potions
 b - a potion of magic
 j - 2 potions of curing
 k - a potion of lignification {unknown}
 n - a potion of cancellation
 o - a potion of attraction {unknown}
 p - a potion of flight {unknown}
 t - a potion of heal wounds {unknown}
 v - a potion of invisibility {unknown}


   Skills:
 + Level 2.5 Fighting
 + Level 2.5 Dodging
 - Level 2.1 Stealth
 + Level 4.2 Spellcasting
 - Level 0.7 Transmutations
 * Level 7.0 Earth Magic


You had 4 spell levels left.
You knew the following spells:

 Your Spells              Type           Power      Damage    Failure   Level
a - Sandblast             Erth           60%        2d14      1%          1
b - Passwall              Tmut/Erth      15%        N/A       4%          2
c - Stone Arrow           Conj/Erth      34%        3d9       10%         3
d - Petrify               Tmut/Erth      18%        N/A       26%         4

Your spell library contained the following spells:

 Spells                   Type           Power      Damage    Failure   Level
 Slow                     Hex            12%        N/A       14%         1
 Confusing Touch          Hex            3%         N/A       38%         3
 Frozen Ramparts          Ice            6%         1d1       38%         3
 Ozocubu's Armour         Ice            3%         N/A       38%         3
 Vampiric Draining        Necr           3%         2d6       38%         3
 Ice Form                 Ice/Tmut       5%         N/A       75%         4
 Summon Ice Beast         Ice/Summ       3%         N/A       80%         4
 Metabolic Englaciation   Hex/Ice        1%         N/A       98%         5
 Simulacrum               Ice/Necr       1%         N/A       100%        6


Dungeon Overview and Level Annotations

Branches:
Dungeon (4/15)             Temple (0/1) D:4           Sewer (1/1)

Altars:
Zin
The Shining One

Shops:
D:2 (!


Innate Abilities, Weirdness & Mutations

You are immune to sickness and miasma.
Your stone body is resilient. (AC +4)
You are immune to poison.
You resist negative energy. (rN+)
You are resistant to electric shocks. (rElec)
You are resistant to unholy torment.
You are immune to petrification.


Message History

The ball python bites your giant cockroach.
Your giant cockroach dies!
Your giant cockroach's corpse dissolves into shadows!
You escape the ball python's grasp.
The ball python attacks as you move away!
The ball python bites you but does no damage.
The ball python misses you.
Your bat completely misses the ball python.
The bullfrog hits you.
* * * LOW HITPOINT WARNING * * *
The ball python bites your frilled lizard.
Your frilled lizard dies!
Your frilled lizard's corpse dissolves into shadows!
The ball python bites your bat but does no damage.
The ball python grabs your bat. The ball python constricts your bat.
The ball python bites you but does no damage.
The ball python barely misses you.
The ball python hisses angrily.
The bullfrog attacks as you move away! The bullfrog barely misses you.
The ball python attacks as you move away!
The ball python misses you. The ball python closely misses you.
Your bat hits the ball python.
The ball python dies!
The ball python bites your quokka. The ball python grabs your quokka.
The ball python constricts your quokka.
Your quokka closely misses the bullfrog.
The bullfrog hits you but does no damage.
Your quokka struggles to escape constriction.
The ball python closely misses you. The ball python misses you.
The ball python loses its grip on your quokka.
Okay, then.
The air fills with toxic fumes!
As you read the scroll of poison, it crumbles to dust.
The bullfrog misses you.
You barely miss the bullfrog. The bullfrog barely misses you.
The ball python closely misses you. x2
You hit the bullfrog.
The bullfrog is moderately wounded.
The bullfrog hits you!
You die...

#.........#.......#
##§§§§§§##'##......#
#§§§§§§##..###......
#§§§§§###..# ##~~~~.
#§§§§§§##### #~~≈~~≈
#§§§§§§# #≈≈≈~~≈
#§§§§§§# #≈~~~≈≈
#§§§b§§# #~÷≈≈≈≈
#§§@§§§# #†~≈~≈≈
#S#FS§§# #≈††~~≈
#≈§F§§§# #≈~)[~~
#§§§§§§# ##~~~~≈
#§rS§§§# #≈≈~≈~~
#§§§§§§# #≈≈≈≈~~
#§#§§§§# #≈~≈~~~
#§§§§§§# #≈~~~†≈
#≈≈~†≈≈# #~~~~≈≈


You could see 2 bullfrogs, 3 ball pythons, a friendly quokka (summoned) and a
friendly bat (summoned).

Vanquished Creatures
  A phantom (D:4)
  A scorpion (D:3)
  An orc priest (D:4)
  2 orc wizards (D:4)
  7 gnolls (D:3)
  4 river rats
  11 adders
  4 worms
  4 dart slugs
  4 orcs
  7 ball pythons
  8 endoplasms
  2 giant cockroaches (D:3)
  6 goblins
  3 hobgoblins
  2 kobolds
  3 quokkas
  3 bats
  5 frilled lizards
  40 rats
118 creatures vanquished.

Vanquished Creatures (collateral kills)
  A ball python (Sewer)
1 creature vanquished.

Grand Total: 119 creatures vanquished

Notes
Turn   | Place    | Note
-------+----------+-------------------------------------------
     0 | D:1      | raph the Gargoyle Earth Elementalist began the quest for
                  | the Orb.
     0 | D:1      | Reached XP level 1. HP: 10/10 MP: 3/3
   363 | D:1      | Found a faded altar of an unknown god.
   414 | D:1      | Reached XP level 2. HP: 15/15 MP: 3/5
   462 | D:1      | Reached skill level 4 in Earth Magic
   520 | D:1      | Learned a level 2 spell: Passwall
   943 | D:2      | Identified the +11 dagger of Fragile Peace {venom, rF+ MP+9
                  | Int+2 Dex+2}
  1060 | D:2      | Found Giabli's Distillery.
  1068 | D:2      | Bought a potion of haste for 100 gold pieces
  1143 | D:2      | Found Seito's Antique Weapon Shop.
  1241 | D:2      | Reached XP level 3. HP: 19/19 MP: 6/6
  1245 | D:2      | Learned a level 3 spell: Stone Arrow
  2244 | D:3      | Found a glowing silver altar of Zin.
  2258 | D:3      | Reached XP level 4. HP: 14/24 MP: 8/8
  2266 | D:3      | Reached skill level 5 in Earth Magic
  2611 | D:3      | Reached XP level 5. HP: 26/28 MP: 10/10
  2740 | D:3      | Reached skill level 1 in Fighting
  2832 | D:3      | Found a glowing golden altar of the Shining One.
  3297 | D:4      | Learned a level 4 spell: Petrify
  3449 | D:4      | Reached skill level 6 in Earth Magic
  3449 | D:4      | Reached XP level 6. HP: 34/34 MP: 11/11
  3602 | D:4      | Found a staircase to the Ecumenical Temple.
  3791 | D:4      | Found a glowing drain.
  3798 | D:4      | Reached XP level 7. HP: 40/40 MP: 13/13
  3807 | Sewer    | Entered a sewer
  4705 | Sewer    | Reached skill level 7 in Earth Magic
  4850 | Sewer    | Slain by a bullfrog

Illustrated notes

Levels and vault maps discovered:
D:1:      wander_arrival_desolate, layout_loops_ring,
          shapermc_ecumenical_altar_venn
D:2:      kennysheep_six_static_rooms, layout_basic, serial_shops,
          nicolae_shop_waterfront, shop, minivault_23, grunt_decor_cap,
          kennysheep_generic_room_5
D:3:      layout_basic, mainiacjoe_overflow_cross_hatched,
          nicolae_overflow_crystal_walls
D:4:      layout_basic, mainiacjoe_overflow_concentric_impassable,
          minmay_temple_entry_trees, lightli_sewer_entry_pipes,
          kennysheep_generic_room_11
Sewer:    sewer_minmay_w

Skill      XL: |  1  2  3  4  5  6  7 |
---------------+----------------------+-----
Earth Magic    | 4 5 6 7 |  7.0
Spellcasting   | 3 4 |  4.2
Fighting       | 1 2 |  2.5
Dodging        | 2 |  2.5
Stealth        | |  2.1
Transmutations | |  0.7

Action                   |  1- 3 |  4- 6 |  7- 9 || total
-------------------------+-------+-------+-------++-------
Melee: Dagger            |     5 |    30 |    29 ||    64
 Cast: Sandblast         |    42 |    20 |    18 ||    80
       Stone Arrow       |     5 |    38 |    21 ||    64
  Use: Scroll            |     6 |     3 |     4 ||    13
       Potion            |       |       |     1 ||     1
 Stab: Sleeping          |       |     2 |       ||     2
Armor: Robe              |     7 |    30 |    51 ||    88
Dodge: Dodged            |    20 |    50 |   135 ||   205
